 Dungeon Crawl Stone Soup version 0.28-a0-247-gb8bfbab023 (webtiles) character file.

Game seed: 15899702859457456785

44571 Spaninq the Fighter (level 13, -16/118 HPs)
             Began as a Grey Draconian Monk on Aug 25, 2021.
             Was a High Priest of Trog.
             Killed from afar by a deep elf zephyrmancer (27 damage)
             ... with a bolt of lightning
             ... on level 1 of the Orcish Mines.
             The game lasted 00:58:37 (22686 turns).

Spaninq the Fighter (Grey Draconian Monk)          Turns: 22686, Time: 00:58:38

Health: -16/118    AC: 19    Str: 13    XL:     13   Next: 97%
Magic:  13/13      EV: 18    Int: 16    God:    Trog [*****.]
Gold:   1153       SH: 14    Dex: 16    Spells: 12/12 levels left

rFire   . . .      SeeInvis +   J - +11 rapier of Exquisite Torment {speed, +Blink SInv}
rCold   + . .      Faith    .   g - +2 buckler
rNeg    . . .      Spirit   .   (armour unavailable)
rPois   +          Reflect  +   N - +0 hat
rElec   .          Harm     .   A - +2 cloak
rCorr   .          Rampage  .   G - +0 pair of gloves
Will    +....                   C - +1 pair of boots
Stlth   ++........              i - amulet of reflection
HPRegen 0.29/turn               F - ring "Kuoxkioko" {rPois Will+ Str-4 Int+4 Dex+2}
MPRegen 0.13/turn               u - ring of protection from cold

@: no status effects
A: AC +13, amphibious, unfitting armour, cold-blooded
a: Renounce Religion, Evoke Blink, Berserk, Trog's Hand, Brothers in Arms


You were on level 1 of the Orcish Mines.
You worshipped Trog.
Trog was extremely pleased with you.
You visited 4 branches of the dungeon, and saw 18 of its levels.

You collected 1799 gold pieces.
You spent 646 gold pieces at shops.

Inventory:

Hand Weapons
 v - the +7 Singing Sword {vorpal, sonic wave}
   (You found it on level 9 of the Dungeon)

   It inflicts extra damage upon your enemies.
   It radiates damaging sonic waves as it strikes, especially in combat
   involving dangerous or numerous foes.
 y - a +5 whip of electrocution
 H - a +5 scimitar
 J - the +11 rapier of Exquisite Torment (weapon) {speed, +Blink SInv}
   (You found it on level 3 of the Lair of Beasts)

   Attacks with this weapon are significantly faster.
   SInv:      It lets you see invisible.
   +Blink:    It lets you blink.
Missiles
 B - 2 throwing nets (quivered)
Armour
 d - a +1 kite shield
 g - a +2 buckler (worn)
 A - a +2 cloak (worn)
 C - a +1 pair of boots (worn)
 G - a +0 pair of gloves (worn)
 N - a +0 hat (worn)
Jewellery
 h - a +6 ring of strength
 i - an amulet of reflection (around neck)
 j - a ring of flight
 m - a +4 ring of protection
 n - a ring of positive energy
 u - a ring of protection from cold (right hand)
 F - the ring "Kuoxkioko" (left hand) {rPois Will+ Str-4 Int+4 Dex+2}
   (You bought it in a shop on level 9 of the Dungeon)

   [ring of willpower]

   Str:       It affects your strength (-4).
   Int:       It affects your intelligence (+4).
   Dex:       It affects your dexterity (+2).
   rPois:     It protects you from poison.
   Will:      It increases your willpower.
 I - an amulet of regeneration
Wands
 b - a wand of mindburst (11)
 k - a wand of acid (12)
 s - a wand of paralysis (5)
 D - a wand of iceblast (16)
 E - a wand of charming (8)
Scrolls
 c - 7 scrolls of identify
 f - 4 scrolls of fear
 l - 2 scrolls of blinking
 p - 6 scrolls of teleportation
 q - a scroll of fog
 r - 4 scrolls of magic mapping
 K - a scroll of enchant weapon
 M - a scroll of summoning
Potions
 a - a potion of ambrosia
 e - 7 potions of curing
 o - 6 potions of flight
 t - 2 potions of magic
 w - 3 potions of mutation
 x - 4 potions of might
 z - a potion of heal wounds
 L - a potion of haste


   Skills:
 + Level 12.3 Fighting
 * Level 11.7 Long Blades
 - Level 10.7 Maces & Flails
 + Level 10.6 Dodging
 - Level 1.7 Stealth
 + Level 11.0 Shields


You had 12 spell levels left.
You didn't know any spells.
Your spell library was empty.

Dungeon Overview and Level Annotations

Branches:
Dungeon (11/15)            Temple (1/1) D:5            Lair (5/6) D:11
  Swamp (0/4) Lair:4       Spider (0/4) Lair:4          Orc (1/2) D:9
  Slime: Lair:5-6

Altars:
Ashenzari
Cheibriados
Dithmenos
Elyvilon
Fedhas
Gozag
Hepliaklqana
Kikubaaqudgha
Makhleb
Nemelex Xobeh
Okawaru
Qazlal
Ru
Sif Muna
Trog
Uskayaw
Vehumet
Wu Jian
Xom
Yredelemnul
Zin
The Shining One

Shops:
D:9 =

Annotations:
Lair:4 exclusion: oklob plant


Innate Abilities, Weirdness & Mutations

Your dull iron-grey scales are very hard. (AC +13)
You are amphibious.
You cannot fit into any form of body armour.
You are cold-blooded and may be slowed by cold attacks.


Message History

Something hits your troll!
Something hits your troll but does no damage.
Something hits your troll but does no damage.
Something barely misses your troll. Something barely misses your troll.
Something hits your troll. Something hits your troll!
Something hits your troll. Something hits your troll.
Something hits your troll. Something closely misses your troll.
Your troll rages.
Your troll is no longer berserk.
Something hits your troll. Something hits your troll.
Something hits your troll. Something hits your troll.
Something hits your troll.
Your troll disappears in a puff of smoke!
The deep elf pyromancer casts a spell.
You puncture the deep elf pyromancer!
The deep elf pyromancer is moderately wounded.
You block the deep elf pyromancer's attack.
You closely miss the deep elf pyromancer.
The deep elf pyromancer is moderately wounded.
You closely miss the deep elf pyromancer.
The deep elf pyromancer is moderately wounded.
The deep elf pyromancer mumbles some strange words.
The deep elf pyromancer blinks!
You hit the fire elemental.
The fire elemental is lightly damaged.
The fire elemental hits you. The fire elemental burns you!
* * * LOW HITPOINT WARNING * * *
The fire elemental hits you. The fire elemental burns you!
* * * LOW HITPOINT WARNING * * *
Your ogre goes berserk!
The deep elf pyromancer hits your ogre with a +0 dagger.
The deep elf zephyrmancer gestures at you while chanting.
The bolt of lightning hits you!!
You die...

###....#e.........#
###.##..........###
###.○..#....)...##
##.....##.#.......
###........#...))))#
##°##.#...........)## ###
#..°.####........##)# ##.##
##..eE.# #.......##...
#...###....@## #......###..#
###.##......O.###...........#
##....##.....e...#..........##
##.....#.....................#
##...#......##........>.......#
#...........###......#.#......#
##...#.>.....#........###.).###
##...#................#....#
##.####...................#


You could see a deep elf pyromancer (ally target), a deep elf zephyrmancer, a
fire elemental (summoned) and a friendly ogre (summoned, berserk).

Vanquished Creatures
  Harold (D:10)
  6 hydras
  A centaur warrior (D:11)
  3 two-headed ogres
  A catoblepas (Lair:2)
  An orc high priest (Orc:1)
  2 bog bodies (Lair:4)
  Pikel (D:5)
  An ugly thing (D:8)
  A deep elf zephyrmancer (Orc:1)
  An orc knight (Orc:1)
  3 deep elf pyromancers (Orc:1)
  A cyclops (D:11)
  3 elephants (Lair:4)
  Maggie (D:8)
  2 centaur zombies (D:10)
  A gargoyle (D:6)
  5 cane toads
  A black mamba (Lair:3)
  3 kobold demonologists (D:11)
  4 rime drakes
  9 komodo dragons
  A polar bear (Lair:5)
  2 trolls
  Grinder (D:5)
  17 blink frogs
  6 dream sheep (Lair:4)
  Sigmund (D:5)
  10 wyverns
  A shadow (D:11)
  42 yaks
  6 basilisks
  Eustachio (D:5)
  2 steam dragons
  3 wargs
  2 swamp worms (Lair:4)
  8 water moccasins
  2 acid dragons
  8 orc warriors
  An ice beast (D:7)
  A sky beast (D:8)
  7 necrophages
  3 centaurs
  33 wolves
  8 ogres
  A phantom (D:5)
  A lemure (D:5)
  3 kobold brigands (D:11)
  13 bullfrogs
  A gnoll sergeant (D:8)
  6 scorpions
  4 killer bees (D:9)
  3 howler monkeys (D:7)
  5 electric eels
  A bullfrog zombie (D:6)
  A jelly (D:7)
  7 orc priests
  2 hounds
  3 bullfrog skeletons
  3 iguanas
  7 orc wizards
  3 hell rats (Lair:2)
  7 gnolls
  10 adders
  8 river rats (Lair:2)
  An adder skeleton (D:5)
  A worm (D:4)
  A dart slug (D:3)
  28 orcs
  6 endoplasms
  7 giant cockroaches
  12 goblins
  8 hobgoblins
  6 jackals
  6 quokkas
  5 ball pythons
  13 bats
  4 frilled lizards
  10 kobolds
  12 rats
427 creatures vanquished.

Vanquished Creatures (collateral kills)
  A shadow (D:11)
1 creature vanquished.

Vanquished Creatures (others)
  A kobold (D:11)
  21 fungi
  19 plants
  5 toadstools (D:8)
46 creatures vanquished.

Grand Total: 474 creatures vanquished

Notes
Turn   | Place    | Note
-------+----------+-------------------------------------------
     0 | D:1      | Spaninq the Draconian Monk began the quest for the Orb.
     0 | D:1      | Reached XP level 1. HP: 19/19 MP: 1/1
   193 | D:1      | Reached XP level 2. HP: 26/26 MP: 2/2
   609 | D:1      | Found a faded altar of an unknown god.
   611 | D:1      | Became a worshipper of Trog the Wrathful
   611 | D:1      | Reached * piety under Trog
   611 | D:1      | Reached ** piety under Trog
  1166 | D:2      | Reached XP level 3. HP: 31/31 MP: 3/3
  1705 | D:2      | Reached *** piety under Trog
  1733 | D:2      | Reached skill level 1 in Shields
  1745 | D:2      | Reached XP level 4. HP: 35/40 MP: 4/4
  2465 | D:3      | Reached skill level 4 in Fighting
  2686 | D:3      | Noticed a scorpion
  2690 | D:3      | Killed a scorpion
  2691 | D:3      | Reached XP level 5. HP: 35/46 MP: 5/5
  3042 | D:3      | Reached XP level 6. HP: 38/53 MP: 6/6
  3201 | D:3      | Reached skill level 5 in Maces & Flails
  3938 | D:4      | Noticed a steam dragon
  4281 | D:4      | Found a snail-covered altar of Cheibriados.
  4282 | D:4      | Found an ornate altar of the Wu Jian Council.
  4301 | D:4      | Reached **** piety under Trog
  4487 | D:4      | Your scales start taking on a dull iron-grey colour.
  4487 | D:4      | Reached XP level 7. HP: 22/60 MP: 7/7
  4841 | D:4      | Killed a steam dragon
  4842 | D:4      | Reached skill level 5 in Fighting
  5550 | D:5      | Entered Level 5 of the Dungeon
  5597 | D:5      | Noticed Sigmund
  5609 | D:5      | Killed Sigmund
  5610 | D:5      | Reached XP level 8. HP: 69/69 MP: 8/8
  5795 | D:5      | Found a staircase to the Ecumenical Temple.
  5801 | D:5      | Noticed Eustachio
  5803 | Temple   | Entered the Ecumenical Temple
  5823 | D:5      | Killed Eustachio
  5967 | D:5      | Noticed Grinder
  5988 | D:5      | Killed Grinder
  5989 | D:5      | Reached skill level 6 in Fighting
  5989 | D:5      | Reached skill level 5 in Dodging
  6473 | D:5      | Noticed Pikel
  6497 | D:5      | Killed Pikel
  6498 | D:5      | Reached skill level 5 in Shields
  6498 | D:5      | Reached XP level 9. HP: 48/78 MP: 9/9
  6829 | D:6      | Noticed a gargoyle
  6844 | D:6      | Killed a gargoyle
  6909 | D:6      | Reached skill level 7 in Fighting
  7114 | D:6      | Identified the +4 dagger of Soysuicza {vorpal, rElec rN+
                  | Will+}
  7409 | D:7      | Noticed a troll
  7415 | D:7      | Killed a troll
  8585 | D:7      | Found a sparkling altar of Nemelex Xobeh.
  8780 | D:8      | Noticed a centaur warrior
  8781 | D:8      | Noticed a deep elf pyromancer
  8782 | D:8      | Noticed a two-headed ogre
  8782 | D:8      | Noticed a deep elf pyromancer
  8782 | D:8      | Noticed a centaur warrior
  8782 | D:8      | Noticed a troll
  8783 | D:8      | Noticed a meliai
  8783 | D:8      | Noticed a brown ugly thing
  8783 | D:8      | Noticed a manticore
  8783 | D:8      | Noticed a brown ugly thing
  8784 | D:8      | Noticed a gargoyle
  8813 | D:8      | Killed a brown ugly thing
  8909 | D:8      | Reached XP level 10. HP: 88/88 MP: 10/10
  8948 | D:8      | Reached ***** piety under Trog
  9281 | D:8      | Reached skill level 8 in Fighting
  9317 | D:8      | Noticed a two-headed ogre
  9325 | D:8      | Killed a two-headed ogre
  9326 | D:8      | Reached skill level 10 in Maces & Flails
  9559 | D:8      | Noticed Maggie
 10218 | D:9      | Found the +7 Singing Sword {vorpal, sonic wave}
 10514 | D:9      | Reached skill level 1 in Long Blades
 10540 | D:9      | Found Duum Wau's Jewellery Emporium.
 10621 | D:9      | Found a staircase to the Orcish Mines.
 11156 | D:10     | Entered Level 10 of the Dungeon
 11282 | D:10     | Reached skill level 9 in Fighting
 11300 | D:10     | Found a burning altar of Makhleb.
 11316 | D:10     | Noticed Harold
 11333 | D:10     | Killed Harold
 11334 | D:10     | Reached XP level 11. HP: 97/97 MP: 11/11
 11411 | D:10     | Noticed a two-headed ogre
 11422 | D:10     | Killed a two-headed ogre
 12236 | D:11     | Received a gift from Trog
 12237 | D:11     | Reached skill level 5 in Long Blades
 12612 | D:11     | Found a broken altar of Ashenzari.
 12699 | D:11     | Noticed a two-headed ogre
 12712 | D:11     | Killed a two-headed ogre
 13202 | D:11     | Reached skill level 10 in Fighting
 13218 | D:11     | Found a staircase to the Lair.
 13486 | D:11     | Noticed a centaur warrior
 13495 | D:11     | Killed a centaur warrior
 13496 | D:11     | Reached XP level 12. HP: 106/106 MP: 12/12
 13632 | D:9      | Bought the ring "Kuoxkioko" {rPois Will+ Str-4 Int+4 Dex+2}
                  | for 646 gold pieces
 13873 | Lair:1   | Entered Level 1 of the Lair of Beasts
 14055 | D:8      | Killed Maggie
 15935 | Lair:2   | Noticed a catoblepas
 16112 | Lair:2   | Killed a catoblepas
 16665 | Lair:3   | Noticed a four-headed hydra
 16687 | Lair:2   | Killed a four-headed hydra
 16688 | Lair:2   | Reached skill level 11 in Fighting
 16849 | Lair:3   | Received a gift from Trog
 17490 | Lair:3   | Reached XP level 13. HP: 116/116 MP: 13/13
 17522 | Lair:3   | Reached skill level 10 in Shields
 17771 | Lair:3   | Reached skill level 10 in Long Blades
 18310 | Lair:3   | Identified the +11 rapier of Exquisite Torment {speed,
                  | +Blink SInv}
 18765 | Lair:4   | Found a hole to the Spider Nest.
 18831 | Lair:4   | Reached skill level 10 in Dodging
 18853 | Lair:4   | Found a staircase to the Swamp.
 20509 | Lair:5   | Reached skill level 12 in Fighting
 21134 | Lair:5   | Identified a scroll of acquirement
 21136 | Lair:5   | Acquired a +0 hat
 21585 | Orc:1    | Entered Level 1 of the Orcish Mines
 21625 | Orc:1    | Received a gift from Trog
 22686 | Orc:1    | Killed from afar by a deep elf zephyrmancer

Illustrated notes

Levels and vault maps discovered:
D:1:      mushboom_english_gardens, layout_basic,
          chequers_ecumenical_altar_twisty
D:2:      minmay_wonky_spiral, layout_loops_ring
D:3:      layout_basic, kennysheep_cross_bottleneck
D:4:      layout_loops_cross, gammafunk_temple_overflow_statue, st_stairs_9,
          skrybe_limestone_x
D:5:      layout_basic, minmay_temple_entry_overgrown,
          minmay_misc_feat_more_columns, supply_closet_lemuel, uniq_grinder,
          uniq_eustachio, uniq_sigmund, uniq_pikel
D:6:      layout_basic
D:7:      layout_layer_cave, kennysheep_mini_moat
D:8:      layout_loops_cross, minmay_gold_behind_fungi, minivault_12,
          uniq_maggie
D:9:      old_forge, layout_basic, david_orc_1_choice, hex_large,
          minmay_shop_grid_forest
D:10:     layout_roguey, overflow_temple_1_default, uniq_harold
D:11:     layout_basic, erik_lair_dragon, small_chamber_with_monster,
          ashenzari_conservatory_becter
Temple:   nicolae_temple_no_exploring_needed
Lair:1:   layout_gridlike, lemuel_fruit_tree
Lair:2:   layout_roguey, kennysheep_abandoned_house
Lair:3:   cheibrodos_lair_river_kwai, layout_chaotic_city, beast_lair_carwin_2
Lair:4:   layout_cave_pods, nicolae_swamp_entry_splash_gauntlet,
          spider_nest_entry_web_field, minmay_lair_oklob_items
Lair:5:   layout_regular_city, roderic_carrion_pond, infiniplex_staircase_pool_2
Orc:1:    layout_diamond_mine, elves_outpost_lemuel

Skill      XL: |  1  2  3  4  5  6  7  8  9 10 11 12 13 |
---------------+----------------------------------------+-----
Dodging        | 3 4 5 6 7 8 9 10 | 10.6
Shields        | 1 2 3 5 6 7 8 9 11 | 11.0
Maces & Flails | 4 5 6 8 9 10 | 10.7
Fighting       | 4 5 6 7 9 10 11 12 | 12.3
Long Blades    | 3 7 9 11 | 11.7
Stealth        | |  1.7

Action                   |  1- 3 |  4- 6 |  7- 9 | 10-12 | 13-15 || total
-------------------------+-------+-------+-------+-------+-------++-------
Melee: Quarterstaff      |   105 |   164 |   176 |       |       ||   445
       Tailslap          |     8 |    29 |    47 |   133 |   102 ||   319
       Whip              |       |       |    92 |   850 |    89 ||  1031
       Double sword      |       |       |       |    36 |       ||    36
       Rapier            |       |       |       |       |   514 ||   514
Invok: Brothers in Arms  |       |       |       |     1 |     2 ||     3
Evoke: Wand              |       |       |     1 |     2 |       ||     3
  Use: Scroll            |       |     1 |    14 |     7 |     6 ||    28
 Stab: Sleeping          |     4 |     7 |     6 |     4 |     1 ||    22
       Held in net/web   |       |       |       |     3 |       ||     3
       Distracted        |       |       |       |       |     1 ||     1
Armor: Skin              |    29 |    23 |    70 |   114 |   118 ||   354
Dodge: Dodged            |    65 |    75 |   127 |   275 |   182 ||   724
Block: Other             |    11 |    24 |    43 |       |       ||    78
       Buckler           |       |       |     7 |   346 |   230 ||   583
       Reflection        |       |       |       |    10 |     2 ||    12
       Rpst.: Double sword |       |       |       |    12 |       ||    12

Table legend: (Time is in decaauts)
 A = Elapsed time spent in this place.
 B = Non-inter-level travel time spent in this place.
 C = Inter-level travel time spent in this place.
 D = Time resting spent in this place.
 E = Time spent auto-exploring this place.
 F = Levels seen in this place.
 G = Mean time per level.
                   A        B        C        D        E       F      G
               +--------+--------+--------+--------+--------+-----+--------+
         Total |  22109 |  20493 |   1616 |   1826 |  14113 |  18 | 1228.3 |
       Dungeon |  14511 |  13095 |   1416 |    913 |   9471 |  11 | 1319.2 |
        Temple |      1 |      1 |      0 |      0 |      0 |   1 |    1.0 |
          Lair |   6570 |   6371 |    199 |    710 |   4205 |   5 | 1314.0 |
  Orcish Mines |   1025 |   1025 |      0 |    203 |    437 |   1 | 1025.0 |
               +--------+--------+--------+--------+--------+-----+--------+

Top non-repeatable levels by time:
     D:3: 2131 daAuts
    D:11: 1948 daAuts
     D:9: 1647 daAuts
  Lair:4: 1613 daAuts
  Lair:2: 1613 daAuts
  Lair:3: 1512 daAuts
     D:4: 1423 daAuts
     D:8: 1339 daAuts
     D:7: 1305 daAuts
     D:1: 1172 daAuts
     D:5: 1136 daAuts
   Orc:1: 1025 daAuts
  Lair:5: 986 daAuts
     D:2: 930 daAuts
  Lair:1: 844 daAuts
